cohdb
Replays
Latest Replays
All Replays
Popular Replays
Top Player Replays
Match Explorer
How It Works
Community
CoH3 Stats
Reddit
Sign in to upload your games and track your stats! →
Sign in with Steam
Match 43730140
Unlisted
Match 43730140
Overview
Messages
Build Orders
End
Construct Infanterie Kompanie
Grenadier Squad
Selects Breakthrough Battlegroup
Selects Assault Grenadiers
Grenadier Squad
Grenadier Squad
Grenadier Squad
Construct Panzergrenadier Kompanie
251 Medium Carrier
Pak 40 Anti-tank Gun Team
Selects 2.5-tonne Cargo Truck
Infanterie Officer Quarters
2.5-tonne Cargo Truck
Pak 40 Anti-tank Gun Team
2.5-tonne Cargo Truck
2.5-tonne Cargo Truck
Selects Blitzkrieg
Construct Panzer Kompanie
MG 42 Bunker
Panzer IV Medium Tank
MG 42 Bunker
Panzer IV Medium Tank
MG 42 Bunker
Panzer IV Medium Tank
Medical Bunker
Side Skirts
Panzer Officer Quarters
Blitzkrieg
MG 42 Bunker
Repair Bunker
Empty_Can
matrix4x4
舒宰
[Phoenix]
LarryLuxus
Rosa Luxemburg
Geten
撸啊撸么么叁
0
0
Comments
sign in to comment!
No comments posted yet!